 Dungeon Crawl Stone Soup version 0.20.1-1-g8b1a95d (webtiles) character file.

42 pstr the Conjurer (level 3, -5/19 HPs)
             Began as a Kobold Conjurer on Nov 14, 2017.
             Slain by Terence
             ... wielding a +0 flail of protection
              (6 damage)
             ... on level 1 of the Dungeon.
             The game lasted 00:05:35 (1615 turns).

pstr the Conjurer (Kobold Conjurer)                 Turns: 1615, Time: 00:05:36

Health: -5/19      AC:  3    Str:  5    XL:     3   Next: 77%
Magic:  6/6        EV: 15    Int: 17    God:
Gold:   51         SH:  0    Dex: 15    Spells: 4/7 levels left

rFire    . . .     SeeInvis .   (weapon restricted)
rCold    . . .     Gourm    .   (shield restricted)
rNeg     . . .     Faith    .   a - +0 robe
rPois    .         Spirit   .   (no helmet)
rElec    .         Reflect  .   (no cloak)
rCorr    .         Harm     .   o - +0 pair of gloves (curse)
MR       .....                  (no boots)
Stlth    ++........             (no amulet)
Regen    0.1/turn               (no ring)
MPRegen  0.1/turn               (no ring)

@: about to teleport
A: carnivore 3
a: no special abilities


You were on level 1 of the Dungeon.
You were completely stuffed.

You visited 1 branch of the dungeon, and saw 3 of its levels.

You collected 51 gold pieces.

Inventory:

Missiles
 f - 58 stones (quivered)
Armour
 a - a +0 robe (worn)
 i - a +0 ring mail
 o - a cursed +0 pair of gloves (worn)
Scrolls
 h - a scroll of fog
 k - a scroll of teleportation
 m - 2 scrolls of remove curse {unknown}
Books
 b - a book of Conjurations

   Spells                             Type                      Level
   a - Magic Dart                     Conjuration                  1
   b - Searing Ray                    Conjuration                  2
   c - Dazzling Spray                 Conjuration/Hexes            3
   d - Fulminant Prism                Conjuration/Hexes            4
   e - Force Lance                    Conjuration/Translocation    4
   f - Iskenderun's Mystic Blast      Conjuration                  4
Comestibles
 c - 3 meat rations


   Skills:
 + Level 2.4 Dodging
 + Level 2.6 Stealth
 + Level 2.5 Spellcasting
 + Level 5.0 Conjurations


You had 4 spell levels left.
You knew the following spells:

 Your Spells              Type           Power        Failure   Level  Hunger
a - Magic Dart            Conj           ###.         2%          1    #......
b - Searing Ray           Conj           ###...       3%          2    ##.....


Dungeon Overview and Level Annotations

Branches:
Dungeon (3/15)

Altars:

Annotations:
D:1 Terence


Innate Abilities, Weirdness & Mutations

You are small and have problems with some larger weapons.
You are carnivorous and can eat meat at any time.


Message History

It was a scroll of immolation.
The jackal bites you but does no damage.
The dart slug bites you but does no damage.
The giant cockroach misses you.
Terence hits you with a flail of protection.
* * * LOW HITPOINT WARNING * * *
As you read the scroll labeled ZILULO ESTREBI, it crumbles to dust.
It is a scroll of identify.
h - a scroll of fog The jackal closely misses you.
The giant cockroach barely misses you. The jackal bites you.
* * * LOW HITPOINT WARNING * * *
The dart slug closely misses you.
As you read the scroll labeled FIASIGE KARIEW, it crumbles to dust.
You feel strangely unstable.
It was a scroll of teleportation.
Terence hits you but does no damage.
The giant cockroach bites you but does no damage.
The jackal barely misses you.
Terence hits you with a flail of protection.
You die...

#......# #......#### #.........#
##### ######....# ....#
############ #....#
....####.....##...###....######
.......'........ws...........>#
.....###.....##.@h###.....#######
#.....##.....##.@.# ###....#.#...
#.....#########...# #......#.##
#.....# ##### #....#....#
####.###### #########รท)
###.......# #.# .##..####.# #.#
.##..####.### #.# )...........#
#.[ ###..####...# ###


You could see Terence (inner flame), a dart slug (inner flame), a jackal (inner
flame) and a giant cockroach (inner flame).

Vanquished Creatures
  2 dart slugs
  4 giant cockroaches
  6 goblins
  5 hobgoblins (D:1)
  3 kobolds (D:1)
  A ball python (D:2)
  4 bats (D:1)
  5 frilled lizards
  6 rats (D:1)
36 creatures vanquished.

Notes
Turn   | Place    | Note
-------+----------+-------------------------------------------
     0 | D:1      | pstr the Kobold Conjurer began the quest for the Orb.
     0 | D:1      | Reached XP level 1. HP: 10/10 MP: 3/3
   156 | D:1      | Reached XP level 2. HP: 15/15 MP: 0/5
   213 | D:1      | Learned a level 2 spell: Searing Ray
   737 | D:1      | Reached XP level 3. HP: 19/19 MP: 3/6
   807 | D:1      | You fall through a shaft!
  1378 | D:2      | Reached skill level 5 in Conjurations
  1456 | D:2      | Noticed Terence
  1615 | D:1      | Slain by Terence

Skill      XL: |  1  2  3 |
---------------+----------+-----
Conjurations   | 5 |  5.0
Dodging        | |  2.4
Stealth        | |  2.6
Spellcasting   | |  2.5

Action                   || total
-------------------------++-------
Melee: Unarmed           ||    12
 Cast: Magic Dart        ||    45
       Searing Ray       ||    16
  Use: Potion            ||     4
       Scroll            ||     3
  Eat: Chunk             ||    12
Armor: Robe              ||    22
Dodge: Dodged            ||    81
